 Dungeon Crawl Stone Soup version 0.17-a0-1648-g0a089d4 (webtiles) character file.

100 urechis the Magician (level 4, 0/24 HPs)
             Began as a Gargoyle Wizard on Aug 12, 2015.
             Slain by a gnoll
             ... wielding a +0 flail
              (1 damage)
             ... on level 3 of the Dungeon.
             The game lasted 00:03:07 (2213 turns).

urechis the Magician (Gargoyle Wizard)              Turns: 2213, Time: 00:03:07

Health: 0/24       AC:  5    Str: 11    XL:     4   Next: 73%
Magic:  6/10       EV: 11    Int: 19    God:
Gold:   69         SH:  0    Dex:  8    Spells: 1 memorised, 10 levels left

rFire  . . .     SeeInvis .     g - +1 dagger (freeze)
rCold  . . .     Clarity  .     a - +0 robe
rNeg   + . .     SustAt   .     (no shield)
rPois  ∞         Gourm    .     b - +0 hat
rElec  +         Spirit   .     (no cloak)
rCorr  .         Warding  .     (no gloves)
rMut   .         Stasis   .     (no boots)
MR     .....                    (no amulet)
Stlth  ++........               (no ring)
                                (no ring)

@: not resistant to hostile enchantments, unstealthy
A: negative energy resistance 1, electricity resistance, unbreathing,
petrification resistance, rot immunity, AC +3
a: no special abilities


You were on level 3 of the Dungeon.
You were not hungry.

You visited 1 branch of the dungeon, and saw 3 of its levels.

You collected 69 gold pieces.

Inventory:

Hand weapons
 g - a +1 dagger of freezing (weapon)
Armour
 a - a +0 robe (worn)
 b - a +0 hat (worn)
Jewellery
 l - an uncursed ring of sustain attributes {unknown}
 m - a cursed -3 ring of slaying {unknown}
Scrolls
 e - a scroll of fear {unknown}
 h - a scroll of remove curse {unknown}
 j - 2 scrolls of noise {unknown}
 k - a scroll of teleportation {unknown}
 o - 3 scrolls of identify {unknown}
 q - a scroll of recharging {unknown}
 r - a scroll of random uselessness {unknown}
 s - a scroll of fog {unknown}
 w - a scroll of enchant weapon {unknown}
Potions
 f - 2 potions of resistance {unknown}
 n - a potion of heal wounds {unknown}
 p - a potion of cancellation {unknown}
Books
 c - a book of Minor Magic

   Spells                             Type                      Level
   a - Magic Dart                     Conjuration                  1
   b - Blink                          Translocation                2
   c - Call Imp                       Summoning                    2
   d - Repel Missiles                 Charms/Air                   2
   e - Slow                           Hexes                        2
   f - Conjure Flame                  Conjuration/Fire             3
   g - Mephitic Cloud                 Conjuration/Poison/Air       3
Comestibles
 d - 4 bread rations
 i - 7 fruits
 t - a royal jelly
 u - a slice of pizza


   Skills:
 - Level 1.5 Dodging
 - Level 2.1 Stealth
 + Level 4.0 Spellcasting
 + Level 3.5 Conjurations
   Level 0.8 Summonings
   Level 0.8 Translocations


You had 10 spell levels left.
You knew the following spells:

 Your Spells              Type           Power        Failure   Level  Hunger
a - Magic Dart            Conj           ###.         3%          1    None


Dungeon Overview and Level Annotations

Branches:
Dungeon (3/15)

Altars:


Innate Abilities, Weirdness & Mutations

You are resistant to torment.
Your stone body is resilient (AC +3).
You are immune to poison.
You resist negative energy.
You are resistant to electric shocks.
You can survive without breathing.
You are immune to petrification.
You are immune to rotting.


Message History

* * * LOW HITPOINT WARNING * * *
Found a brown potion.
Things that are here:
a hand axe; a chain mail; an orc skeleton You see here a leather armour.
Things that are here:
a flail; a gnoll corpse All of the chunks of flesh in your inventory have rotted away.
Found 10 gold pieces.
There is an open door here.
You see here 10 gold pieces.
You open the door.
An adder and a kobold come into view.
The gnoll hits you with a flail.
* * * LOW HITPOINT WARNING * * *
The kobold shouts!
The gnoll hits you with a flail.
* * * LOW HITPOINT WARNING * * *
The gnoll hits you with a flail.
You die...

##.....##.#.....#
#....
##..........####
.... ##.#######'##
... #.# ##...## #.
###g# ##.....##
##.#.# ##.......##
##....###.........#
#.......+......$..+
##...####...@.....#
##)## ##..g....##
####[#######.gS..##
#..))....# ##...##
#.##.###.# ##'##
#.##.# #.# #.##.#
#K# #g##.# ...
#.##.# ...


You could see 2 gnolls, an adder and a kobold.

Vanquished Creatures
  2 gnolls (D:3)
  2 adders (D:2)
  An ooze (D:1)
  2 worms (D:2)
  3 giant geckos
  5 orcs (D:3)
  2 giant cockroaches
  5 hobgoblins
  A kobold (D:1)
  7 bats
  2 giant newts (D:1)
  7 goblins
  2 jackals (D:3)
  A quokka (D:3)
  5 rats
47 creatures vanquished.

Notes
Turn   | Place    | Note
--------------------------------------------------------------
     0 | D:1      | urechis the Gargoyle Wizard began the quest for the Orb.
     0 | D:1      | Reached XP level 1. HP: 10/10 MP: 4/4
   309 | D:1      | Reached XP level 2. HP: 12/15 MP: 1/6
   626 | D:1      | Reached XP level 3. HP: 15/19 MP: 1/8
  1631 | D:2      | Reached XP level 4. HP: 24/24 MP: 5/9
  2156 | D:3      | Reached skill level 4 in Spellcasting
  2210 | D:3      | HP: 1/24 [gnoll/flail (6)]
  2213 | D:3      | Slain by a gnoll

Vault maps used:
D:1:      tarquinn_simple_flora_water_e
D:2:      first_bread, kennysheep_generic_room_11

Action                   |  1- 3 |  4- 6 || total
-------------------------+-------+-------++-------
Melee: Dagger            |    59 |    34 ||    93
       Unarmed           |     7 |       ||     7
 Cast: Magic Dart        |    75 |    32 ||   107
 Stab: Sleeping          |     1 |       ||     1
  Eat: Chunk             |     1 |     3 ||     4
